 Dungeon Crawl Stone Soup version 0.23.0-3-gf3c87f2 (webtiles) character file.

Game seed: 9670172906619866147

765 vishdafish the Charmwright (level 7, -7/56 HPs)
             Began as a Gnoll Skald on Feb 20, 2019.
             Was a Follower of Okawaru.
             Killed by nerve-wracking pain
             ... invoked by an orc priest
              (11 damage)
             ... on level 5 of the Dungeon.
             The game lasted 00:09:53 (4653 turns).

vishdafish the Charmwright (Gnoll Skald)            Turns: 4653, Time: 00:09:55

Health: -7/56      AC: 12    Str: 10 (11) XL:     7   Next: 81%
Magic:  14/15      EV: 18    Int: 14 (17) God:    Okawaru [*.....]
Gold:   230        SH:  0    Dex: 15      Spells: 12/17 levels left

rFire    + . .     SeeInvis .   v - +0 flail (drain)
rCold    + . .     Gourm    .   (no shield)
rNeg     . . .     Faith    .   b - +0 leather armour
rPois    .         Spirit   .   l - +0 helmet
rElec    .         Reflect  .   w - +2 cloak
rCorr    .         Harm     .   i - +1 pair of gloves
MR       .....                  g - +0 pair of boots
Stlth    ++++......             (no amulet)
HPRegen  0.18/turn              r - ring of protection from cold
MPRegen  0.14/turn              (no ring)

@: heroism, flying, studying Maces & Flails
A: distributed training, fangs 1, fire resistance 1, weak 1, MP-powered wands,
strong nose
a: Heroism, Renounce Religion


You were on level 5 of the Dungeon.
You worshipped Okawaru.
Okawaru was aware of your devotion.
You were hungry.

You visited 1 branch of the dungeon, and saw 5 of its levels.

You collected 230 gold pieces.

Inventory:

Hand Weapons
 a - a +0 falchion
 v - a +0 flail of draining (weapon)
Missiles
 o - 5 steel tomahawks (quivered)
Armour
 b - a +0 leather armour (worn)
 g - a +0 pair of boots (worn)
 i - a +1 pair of gloves (worn)
 l - a +0 helmet (worn)
 w - a +2 cloak (worn)
Jewellery
 r - a ring of protection from cold (left hand)
 u - an uncursed ring of protection from fire {unknown}
Scrolls
 c - 6 scrolls of remove curse
 e - a scroll of fog
 f - a scroll of enchant weapon
 m - 2 scrolls of identify
 p - a scroll of immolation {unknown}
 t - a scroll of enchant armour
Potions
 j - a potion of haste {unknown}
 n - a potion of brilliance
 s - a potion of degeneration
Books
 k - a manual of Maces & Flails
Comestibles
 d - 6 rations


   Skills:
 + Level 5.3(10.3) Fighting
 + Level 2.6(7.6) Short Blades
 + Level 5.3(10.3) Long Blades
 + Level 2.6(7.6) Axes
 + Level 2.8(7.8) Maces & Flails
 + Level 2.6(7.6) Polearms
 + Level 2.6(7.6) Staves
 + Level 2.6(7.6) Slings
 + Level 2.6(7.6) Bows
 + Level 2.6(7.6) Crossbows
 + Level 2.6(7.6) Throwing
 + Level 3.7(8.7) Armour
 + Level 5.3(10.3) Dodging
 + Level 2.6(7.6) Stealth
 + Level 2.6(7.6) Shields
 + Level 2.6(7.6) Unarmed Combat
 + Level 5.7 Spellcasting
 + Level 2.1 Conjurations
 + Level 2.1 Hexes
 + Level 5.9 Charms
 + Level 2.1 Summonings
 + Level 2.1 Necromancy
 + Level 2.1 Translocations
 + Level 2.1 Transmutations
 + Level 2.1 Fire Magic
 + Level 2.1 Ice Magic
 + Level 2.1 Air Magic
 + Level 2.1 Earth Magic
 + Level 2.1 Poison Magic
 + Level 3.0 Invocations
 + Level 2.6 Evocations


You had 12 spell levels left.
You knew the following spells:

 Your Spells              Type           Power        Failure   Level  Hunger
a - Infusion              Chrm           ###.         1%          1    None
b - Song of Slaying       Chrm           ###.....     2%          2    #......
c - Shroud of Golubria    Chrm/Tloc      ###.......   6%          2    #......

Your spell library contained the following spells:

 Spells                   Type           Power        Failure   Level  Hunger
 Regeneration             Chrm/Necr      ###.......   12%         3    ###....
 Spectral Weapon          Hex/Chrm       ###.....     12%         3    ###....


Dungeon Overview and Level Annotations

Branches:
Dungeon (5/15)
 Temple: D:4-7

Altars:
Okawaru
Vehumet


Innate Abilities, Weirdness & Mutations

Your experience applies equally to all skills.
You have very sharp teeth.
Your uncanny sense of smell can sniff out nearby items.
Your flesh is heat resistant. (rF+)
You are weak. (Str -2)
You expend magic power (3 MP) to strengthen your wands.


Message History

The orc priest draws strength from your wounds!
It was a potion of mutation.
You feel extremely strange.
You feel resistant to heat.
You feel weaker.
You feel your magical essence link to your wands.
The orc wizard misses you. The orc priest closely misses you.
The orc wizard misses you.
As you read the scroll of fog, it crumbles to dust.
The scroll dissolves into smoke.
You are feeling hungry.
The orc wizard hits you with a cursed +0 dagger.
* * * LOW HITPOINT WARNING * * *
The orc priest completely misses you.
Okay, then.
It was a potion of flight.
You feel very buoyant.
You fly up into the air.
The orc wizard completely misses you. The orc wizard misses you.
The orc priest invokes the aid of Beogh against you.
Pain shoots through your body!
You die...

. .......#.###..## #.
####..........# $##
#.##......######.## .
...#..................
..##.#........#######.##
...........#.........
.....§§§§§.....######
#....§§§§§.....#
#...(§o@§§.....#
#.....§o§......#
......§§§......#
...............#
..#............# #
#.#...###....# #.#....
....# . ###.. ....# ..
....


You could see an orc priest and an orc wizard.

Vanquished Creatures
  A phantom (D:4)
  An ogre (D:4)
  A black bear (D:4)
  A centaur (D:4)
  A bullfrog (D:4)
  A crimson imp (D:2)
  2 orc wizards (D:4)
  A worker ant (D:3)
  Robin (D:4)
  A worker ant zombie (D:5)
  A gnoll (D:2)
  8 adders
  An ooze (D:1)
  5 worms
  8 leopard geckos
  21 orcs
  5 bats
  6 giant cockroaches
  13 goblins
  6 hobgoblins
  2 jackals (D:4)
  3 kobolds
  2 quokkas
  A ball python (D:3)
  15 frilled lizards
  5 rats
113 creatures vanquished.

Notes
Turn   | Place    | Note
-------+----------+-------------------------------------------
     0 | D:1      | vishdafish the Gnoll Skald began the quest for the Orb.
     0 | D:1      | Reached XP level 1. HP: 20/20 MP: 6/6
    78 | D:1      | Reached XP level 2. HP: 25/26 MP: 7/7
   114 | D:1      | Learned a level 2 spell: Song of Slaying
   117 | D:1      | Learned a level 2 spell: Shroud of Golubria
  1099 | D:2      | Reached skill level 5 in Spellcasting
  1099 | D:2      | Reached XP level 3. HP: 12/31 MP: 3/9
  1342 | D:2      | Reached skill level 1 in Invocations
  1412 | D:2      | Reached skill level 1 in Short Blades
  1412 | D:2      | Reached skill level 1 in Axes
  1412 | D:2      | Reached skill level 1 in Maces & Flails
  1412 | D:2      | Reached skill level 1 in Polearms
  1412 | D:2      | Reached skill level 1 in Staves
  1412 | D:2      | Reached skill level 1 in Slings
  1412 | D:2      | Reached skill level 1 in Bows
  1412 | D:2      | Reached skill level 1 in Crossbows
  1412 | D:2      | Reached skill level 1 in Throwing
  1412 | D:2      | Reached skill level 1 in Stealth
  1412 | D:2      | Reached skill level 1 in Shields
  1412 | D:2      | Reached skill level 1 in Unarmed Combat
  1412 | D:2      | Reached skill level 1 in Evocations
  1435 | D:2      | Reached XP level 4. HP: 38/38 MP: 11/11
  1575 | D:2      | Reached skill level 1 in Conjurations
  1575 | D:2      | Reached skill level 1 in Hexes
  1575 | D:2      | Reached skill level 1 in Summonings
  1575 | D:2      | Reached skill level 1 in Necromancy
  1575 | D:2      | Reached skill level 1 in Translocations
  1575 | D:2      | Reached skill level 1 in Transmutations
  1575 | D:2      | Reached skill level 1 in Fire Magic
  1575 | D:2      | Reached skill level 1 in Ice Magic
  1575 | D:2      | Reached skill level 1 in Air Magic
  1575 | D:2      | Reached skill level 1 in Earth Magic
  1575 | D:2      | Reached skill level 1 in Poison Magic
  1752 | D:2      | Reached XP level 5. HP: 41/43 MP: 12/12
  2091 | D:3      | Found a radiant altar of Vehumet.
  2575 | D:3      | Reached XP level 6. HP: 48/50 MP: 13/13
  2762 | D:3      | Found an iron altar of Okawaru.
  2793 | D:3      | Became a worshipper of Warmaster Okawaru
  3030 | D:4      | Noticed a phantom
  3036 | D:4      | Reached skill level 5 in Fighting
  3036 | D:4      | Reached skill level 5 in Long Blades
  3036 | D:4      | Reached skill level 5 in Dodging
  3042 | D:4      | Found a glowing drain.
  3053 | D:4      | Killed a phantom
  3418 | D:4      | Noticed Robin
  3452 | D:4      | Reached XP level 7. HP: 18/56 MP: 13/15
  3453 | D:4      | Killed Robin
  4146 | D:4      | Reached * piety under Okawaru
  4573 | D:5      | Entered Level 5 of the Dungeon
  4651 | D:5      | Gained mutation: Your flesh is heat resistant. (rF+)
                  | [potion of mutation]
  4651 | D:5      | Gained mutation: You are weak. (Str -2) [potion of
                  | mutation]
  4651 | D:5      | Gained mutation: You expend magic power (3 MP) to
                  | strengthen your wands. [potion of mutation]
  4653 | D:5      | Killed from afar by an orc priest

Skill      XL: |  1  2  3  4  5  6  7 |
---------------+----------------------+-----
Spellcasting   | 5 |  5.7
Invocations    | 1 2 3 |  3.0
Short Blades   | 1 2 |  2.6
Axes           | 1 2 |  2.6
Maces & Flails | 1 2 |  2.8
Polearms       | 1 2 |  2.6
Staves         | 1 2 |  2.6
Slings         | 1 2 |  2.6
Bows           | 1 2 |  2.6
Crossbows      | 1 2 |  2.6
Throwing       | 1 2 |  2.6
Stealth        | 1 2 |  2.6
Shields        | 1 2 |  2.6
Unarmed Combat | 1 2 |  2.6
Evocations     | 1 2 |  2.6
Conjurations   | 1 2 |  2.1
Hexes          | 1 2 |  2.1
Summonings     | 1 2 |  2.1
Necromancy     | 1 2 |  2.1
Translocations | 1 2 |  2.1
Transmutations | 1 2 |  2.1
Fire Magic     | 1 2 |  2.1
Ice Magic      | 1 2 |  2.1
Air Magic      | 1 2 |  2.1
Earth Magic    | 1 2 |  2.1
Poison Magic   | 1 2 |  2.1
Armour         | 3 |  3.7
Fighting       | 5 |  5.3
Long Blades    | 5 |  5.3
Dodging        | 5 |  5.3
Charms         | |  5.9

Action                   |  1- 3 |  4- 6 |  7- 9 || total
-------------------------+-------+-------+-------++-------
Melee: Falchion          |    61 |   285 |    32 ||   378
       Bite              |     7 |    39 |    14 ||    60
       Punch             |       |     2 |       ||     2
       Flail             |       |       |    40 ||    40
Throw: Tomahawk          |       |       |     5 ||     5
 Cast: Infusion          |     2 |     6 |     1 ||     9
       Song of Slaying   |       |     8 |     1 ||     9
       Shroud of Golubri |       |     1 |     1 ||     2
Invok: Heroism           |       |       |     1 ||     1
  Use: Scroll            |       |     9 |     2 ||    11
       Potion            |       |     3 |     5 ||     8
 Stab: Sleeping          |     4 |     3 |       ||     7
  Eat: Chunk             |     1 |     5 |     3 ||     9
       Ration            |       |     1 |       ||     1
Armor: Leather armour    |    16 |   106 |    35 ||   157
Dodge: Dodged            |    43 |   242 |    75 ||   360
       Rpst.: Falchion   |    15 |    73 |     6 ||    94
